BUFFALO vs COLORADO

Created - January 12, 2021 at 06:48

Goals
1 2 3 T
BUFFALO 0 0 0 0
COLORADO 0 1 0 1
Shots
1 2 3 T
BUFFALO 7 7 13 27
COLORADO 5 13 8 26

1st period

No Goal

Penalties :
Eric Staal (BUF) for High sticking (Minor) at 0:25, Charlie Coyle (BUF) for Holding (Minor) at 5:51, Brandon Carlo (COL) for Delaying the game (Minor) at 15:01

2nd period

1. COLORADO , Jonas Brodin 2 (Brandon Carlo 2, William Karlsson 4) at 14:58 (PP)

Penalties :
Artturi Lehkonen (COL) for Holding (Minor) at 0:55, Calvin de Haan (COL) for Interference (Minor) at 10:44, Brad Marchand (BUF) for Tripping (Minor) at 14:54

3rd period

No Goal

Penalties :
Noah Hanifin (BUF) for Interference (Minor) at 10:49

Goalie Stats

Tuukka Rask (BUF), 25 saves from 26 shots - (0.962), L, 2-2-2, 59:10 minutes
Carey Price (COL), 27 saves from 27 shots - (1.000), W, 4-2-0, 60:00 minutes

Players Stats for BUFFALO

Player Name              G  A  P  +/- PIM S  H  SB GA TA FO     MP     PP MP  PK MP  
------------------------------------------------------------------------------------
Alex Killorn             0  0  0   0  0   1  1  1  0  0  0/1    12:53   0:00   0:00 
Brad Marchand            0  0  0   0  2   5  3  0  0  0  0/2    21:50   3:36   3:31 
Carl Hagelin             0  0  0   0  0   0  0  0  0  0  0/0    10:13   0:00   2:36 
Charlie Coyle            0  0  0   0  2   1  0  0  0  0  0/0    15:13   2:21   0:00 
Drew Doughty             0  0  0   0  0   0  0  5  0  0  0/0    25:34   3:18   3:10 
Eric Staal               0  0  0   0  2   4  0  0  0  0  7/15   16:07   2:21   0:54 
Frank Vatrano            0  0  0   0  0   2  0  0  0  0  0/0    12:48   0:00   0:00 
James van Riemsdyk       0  0  0   0  0   4  0  0  0  0  0/0    15:03   2:15   0:00 
Jordan Staal             0  0  0   0  0   1  1  0  0  0  12/19  16:01   0:06   3:07 
Marco Scandella          0  0  0   0  0   0  0  3  0  0  0/0    14:18   0:00   0:00 
Matt Duchene             0  0  0   0  0   1  2  0  0  0  19/26  18:20   3:36   0:00 
Matt Grzelcyk            0  0  0   0  0   0  2  2  0  0  0/0    15:19   0:00   1:01 
Noah Hanifin             0  0  0   0  2   4  2  0  0  0  0/0    19:06   2:39   1:50 
Noel Acciari             0  0  0   0  0   0  0  0  0  0  5/6     9:31   0:00   1:54 
Ondrej Kase              0  0  0   0  0   1  0  0  0  0  0/0     7:37   0:00   0:00 
Phil Kessel              0  0  0   0  0   3  2  0  0  0  0/1    18:20   3:36   0:00 
Roman Josi               0  0  0   0  0   0  0  1  0  0  0/0    25:34   3:18   3:10 
Shea Theodore            0  0  0   0  0   0  1  0  0  0  0/0    20:08   2:39   2:51 

Players Stats for COLORADO

Player Name              G  A  P  +/- PIM S  H  SB GA TA FO     MP     PP MP  PK MP  
------------------------------------------------------------------------------------
Artturi Lehkonen         0  0  0   0  2   2  3  1  0  0  0/0    17:14   3:09   0:00 
Brandon Carlo            0  1  1   0  2   1  3  2  0  0  0/0    18:05   3:09   2:03 
Calvin de Haan           0  0  0   0  2   1  1  0  0  0  0/0    13:14   0:00   1:02 
Dan Girardi              0  0  0   0  0   1  2  0  0  0  0/0    21:55   2:52   2:52 
David Krejci             0  0  0   0  0   2  0  0  0  0  4/18   17:45   0:00   1:46 
David Pastrnak           0  0  0   0  0   4  1  0  0  0  1/5    23:16   2:52   3:53 
Dmitri Samorukov         0  0  0   0  0   0  0  0  0  0  0/0     0:00   0:00   0:00 
Dylan Larkin             0  0  0   0  0   4  0  0  0  0  9/17   21:38   2:52   3:53 
Gustav Lindstrom         0  0  0   0  0   0  0  0  0  0  0/0     6:49   0:00   0:00 
John Moore               0  0  0   0  0   0  0  0  0  0  0/0    12:13   0:00   0:00 
Jonas Brodin             1  0  1   0  0   3  1  3  0  0  0/0    19:03   3:09   3:05 
Leo Komarov              0  0  0   0  0   0  0  0  0  0  0/0    15:54   0:00   0:00 
Mattias Janmark          0  0  0   0  0   0  0  0  0  0  0/0     2:35   0:00   0:00 
Mikko Koivu              0  0  0   0  0   1  1  0  0  0  2/3    19:15   3:09   0:00 
Nick Bjugstad            0  0  0   0  0   1  3  0  0  0  0/0    16:30   0:00   0:36 
Pavel Buchnevich         0  0  0   0  0   2  0  0  0  0  0/2    17:45   2:52   0:00 
Ron Hainsey              0  0  0   0  0   1  0  1  0  0  0/0    21:55   2:52   2:52 
Urho Vaakanainen         0  0  0   0  0   0  1  0  0  0  0/0     6:49   0:00   0:00 
Warren Foegele           0  0  0   0  0   2  0  0  0  0  0/0     3:04   0:00   0:00 
William Karlsson         0  1  1   0  0   1  0  0  0  0  11/25  19:01   3:09   1:46 

3 Stars

1 - Carey Price (COL)
2 - Tuukka Rask (BUF)
3 - Jonas Brodin (COL)

Power Play

BUFFALO - 0 on 3 Attempt(s) - 0.00%
COLORADO - 1 on 4 Attempt(s) - 25.00%

Penalty Kill

BUFFALO - 3 on 4 Attempt(s) - 75.00% - Score 0 goal in Penalty Kill
COLORADO - 3 on 3 Attempt(s) - 100.00% - Score 0 goal in Penalty Kill

Team Stat

BUFFALO - Hits : 14 - Faceoff Wins : 43 - Blocked Shots : 12 - Penalty Minutes : 8
COLORADO - Hits : 16 - Faceoff Wins : 27 - Blocked Shots : 7 - Penalty Minutes : 6

Official

Referees : Sean MacFarlane and Frederick L'Ecuyer
Linesman : Scott Driscoll and Jonny Murray

Game Notes

No Game Note

Finance

Level 1 -- Attendance: 5617 (93.62%) -- Ticket Income $516,764
Level 2 -- Attendance: 3829 (76.58%) -- Ticket Income $237,398
Level 3 -- Attendance: 1922 (96.10%) -- Ticket Income $65,348
Level 4 -- Attendance: 2886 (72.15%) -- Ticket Income $63,492
Luxury Box -- Attendance: 1000 (100.00%) -- Ticket Income $180,000
Game was played at the Pepsi Center.
Total Attendance: 15254 (84.74%)
Total Ticket Income: $1,063,002
Total Income: $1,063,002

BUFFALO

5 vs 5 Forward 
   Center                   Left Wing                Right Wing               Time % Phy DF OF 
 1 Matt Duchene             Brad Marchand            Phil Kessel              35     1   2  2  
 2 Eric Staal               Alex Killorn             Charlie Coyle            30     1   2  2  
 3 Jordan Staal             James van Riemsdyk       Frank Vatrano            25     1   2  2  
 4 Noel Acciari             Carl Hagelin             Ondrej Kase              10     1   2  2  

5 vs 5 Defense 
   Defense                  Defense                                           Time % Phy DF OF 
 1 Roman Josi               Drew Doughty                                      35     1   2  2  
 2 Noah Hanifin             Shea Theodore                                     30     1   2  2  
 3 Marco Scandella          Matt Grzelcyk                                     25     1   2  2  
 4 Roman Josi               Drew Doughty                                      10     1   2  2  

PowerPlay Forward 
   Center                   Left Wing                Right Wing               Time % Phy DF OF 
 1 Matt Duchene             Brad Marchand            Phil Kessel              60     1   2  2  
 2 Eric Staal               James van Riemsdyk       Charlie Coyle            40     1   2  2  

PowerPlay Defense
   Defense                  Defense                                           Time % Phy DF OF 
 1 Roman Josi               Drew Doughty                                      60     1   2  2  
 2 Noah Hanifin             Shea Theodore                                     40     1   2  2  

Penalty Kill 4 Players Forward 
   Center                   Wing                     Time % Phy DF OF 
 1 Jordan Staal             Brad Marchand            60     1   2  2  
 2 Noel Acciari             Carl Hagelin             40     1   2  2  

Penalty Kill 4 Players Defense
   Defense                  Defense                  Time % Phy DF OF 
 1 Roman Josi               Drew Doughty             60     1   2  2  
 2 Noah Hanifin             Shea Theodore            40     1   2  2  

Penalty Kill - 3 Players Forward 
   Forward                                           Time % Phy DF OF 
 1 Jordan Staal                                      60     1   2  2  
 2 Noel Acciari                                      40     1   2  2  

Penalty Kill - 3 Players Defense
   Defense                  Defense                  Time % Phy DF OF 
 1 Roman Josi               Drew Doughty             60     1   2  2  
 2 Noah Hanifin             Shea Theodore            40     1   2  2  

4 vs 4 Forward 
   Center                   Wing                     Time % Phy DF OF 
 1 Eric Staal               Brad Marchand            60     1   2  2  
 2 Jordan Staal             Alex Killorn             40     1   2  2  

4 vs 4 Defense
   Defense                  Defense                  Time % Phy DF OF 
 1 Roman Josi               Drew Doughty             60     1   2  2  
 2 Noah Hanifin             Shea Theodore            40     1   2  2  

Last Minutes Offensive
   Center                   Left Wing                Right Wing               Defense                  Defense                  
   Matt Duchene             Brad Marchand            Phil Kessel              Roman Josi               Drew Doughty             

Last Minutes Defensive
   Center                   Left Wing                Right Wing               Defense                  Defense                  
   Jordan Staal             Brad Marchand            Charlie Coyle            Roman Josi               Drew Doughty             

Goaltenders
Starting : Tuukka Rask              
Backup : Alex Stalock             

Extra Forwards
Normal : Jordan Staal, James van Riemsdyk, Carl Hagelin - PP : Jordan Staal, James van Riemsdyk - PK : Carl Hagelin
Extra Defensemen
Normal : Marco Scandella, Matt Grzelcyk, Noah Hanifin - PP : Marco Scandella - PK : Matt Grzelcyk, Noah Hanifin
Penalty Shots
Matt Duchene, Charlie Coyle, Ondrej Kase, Brad Marchand, James van Riemsdyk

Scratches
None

COLORADO

5 vs 5 Forward 
   Center                   Left Wing                Right Wing               Time % Phy DF OF 
 1 Dylan Larkin             David Pastrnak           Pavel Buchnevich         35     1   2  2  
 2 William Karlsson         Artturi Lehkonen         Mikko Koivu              30     1   2  2  
 3 David Krejci             Leo Komarov              Nick Bjugstad            25     1   2  2  
 4 Mikko Koivu              Warren Foegele           David Pastrnak           10     1   2  2  

5 vs 5 Defense 
   Defense                  Defense                                           Time % Phy DF OF 
 1 Dan Girardi              Ron Hainsey                                       35     1   2  2  
 2 Jonas Brodin             Brandon Carlo                                     30     1   2  2  
 3 Calvin de Haan           John Moore                                        25     1   2  2  
 4 Urho Vaakanainen         Gustav Lindstrom                                  10     1   2  2  

PowerPlay Forward 
   Center                   Left Wing                Right Wing               Time % Phy DF OF 
 1 Dylan Larkin             David Pastrnak           Pavel Buchnevich         60     1   2  2  
 2 William Karlsson         Artturi Lehkonen         Mikko Koivu              40     1   2  2  

PowerPlay Defense
   Defense                  Defense                                           Time % Phy DF OF 
 1 Dan Girardi              Ron Hainsey                                       60     1   2  2  
 2 Jonas Brodin             Brandon Carlo                                     40     1   2  2  

Penalty Kill 4 Players Forward 
   Center                   Wing                     Time % Phy DF OF 
 1 David Pastrnak           Dylan Larkin             60     1   2  2  
 2 William Karlsson         David Krejci             40     1   2  2  

Penalty Kill 4 Players Defense
   Defense                  Defense                  Time % Phy DF OF 
 1 Dan Girardi              Ron Hainsey              60     1   2  2  
 2 Jonas Brodin             Brandon Carlo            40     1   2  2  

Penalty Kill - 3 Players Forward 
   Forward                                           Time % Phy DF OF 
 1 David Pastrnak                                    60     1   2  2  
 2 Dylan Larkin                                      40     1   2  2  

Penalty Kill - 3 Players Defense
   Defense                  Defense                  Time % Phy DF OF 
 1 Dan Girardi              Ron Hainsey              60     1   2  2  
 2 Jonas Brodin             Brandon Carlo            40     1   2  2  

4 vs 4 Forward 
   Center                   Wing                     Time % Phy DF OF 
 1 David Pastrnak           Dylan Larkin             60     1   2  2  
 2 William Karlsson         David Krejci             40     1   2  2  

4 vs 4 Defense
   Defense                  Defense                  Time % Phy DF OF 
 1 Dan Girardi              Ron Hainsey              60     1   2  2  
 2 Jonas Brodin             Brandon Carlo            40     1   2  2  

Last Minutes Offensive
   Center                   Left Wing                Right Wing               Defense                  Defense                  
   Dylan Larkin             David Pastrnak           Pavel Buchnevich         Dan Girardi              Ron Hainsey              

Last Minutes Defensive
   Center                   Left Wing                Right Wing               Defense                  Defense                  
   Dylan Larkin             David Pastrnak           Pavel Buchnevich         Dan Girardi              Ron Hainsey              

Goaltenders
Starting : Carey Price              
Backup : Linus Ullmark            

Extra Forwards
Normal : Mattias Janmark, Leo Komarov, Nick Bjugstad - PP : Mattias Janmark, Leo Komarov - PK : Nick Bjugstad
Extra Defensemen
Normal : Dmitri Samorukov, Calvin de Haan, John Moore - PP : Dmitri Samorukov - PK : Calvin de Haan, John Moore
Penalty Shots
David Pastrnak, Dylan Larkin, William Karlsson, David Krejci, Mikko Koivu

Scratches
COL Cap Hit (Suspend), Isaac Ratcliffe (Healthy)

% Time on Ice - BUFFALO

Lines # - Real PCT - Wanted PCT - Time Play
Normal Forward
1 - 29% - 35% - 13:44
2 - 27% - 30% - 12:53
3 - 27% - 25% - 12:48
4 - 16% - 10% - 7:37
Normal Defense
1 - 33% - 35% - 15:27
2 - 31% - 30% - 14:38
3 - 30% - 25% - 14:18
4 - 6% - 10% - 2:39
PP Forward
1 - 61% - 60% - 3:36
2 - 39% - 40% - 2:21
PP Defense
1 - 55% - 60% - 3:18
2 - 45% - 40% - 2:39
PK Forward
1 - 68% - 60% - 4:07
2 - 32% - 40% - 1:54
PK Defense
1 - 53% - 60% - 3:10
2 - 47% - 40% - 2:51
PK3 Forward
1 - 0% - 60%
2 - 0% - 40%
PK3 Defense
1 - 0% - 60%
2 - 0% - 40%
44 Forward
1 - 0% - 60%
2 - 0% - 40%
44 Defense
1 - 0% - 60%
2 - 0% - 40%
Last Minute Offensive  - 1:00
Last Minute Defensive  - 0:00
Total
Forward - 60:00
Defense - 60:00

% Time on Ice - COLORADO

Lines # - Real PCT - Wanted PCT - Time Play
Normal Forward
1 - 30% - 35% - 13:53
2 - 30% - 30% - 14:06
3 - 34% - 25% - 15:59
4 - 7% - 10% - 3:04
Normal Defense
1 - 32% - 35% - 15:11
2 - 27% - 30% - 12:49
3 - 26% - 25% - 12:13
4 - 14% - 10% - 6:49
PP Forward
1 - 48% - 60% - 2:52
2 - 52% - 40% - 3:09
PP Defense
1 - 48% - 60% - 2:52
2 - 52% - 40% - 3:09
PK Forward
1 - 70% - 60% - 4:11
2 - 30% - 40% - 1:46
PK Defense
1 - 48% - 60% - 2:52
2 - 52% - 40% - 3:05
PK3 Forward
1 - 0% - 60%
2 - 0% - 40%
PK3 Defense
1 - 0% - 60%
2 - 0% - 40%
44 Forward
1 - 0% - 60%
2 - 0% - 40%
44 Defense
1 - 0% - 60%
2 - 0% - 40%
Last Minute Offensive  - 0:00
Last Minute Defensive  - 1:00
Total
Forward - 60:00
Defense - 60:00

Play-by-Play

1st period


0:01 of 1st period - Dylan Larkin wins face-off versus Matt Duchene in neutral zone.
0:03 of 1st period - Off-side.
0:04 of 1st period - Eric Staal wins face-off versus William Karlsson in neutral zone.
0:25 of 1st period - Minor Penalty to Eric Staal for High sticking.
0:26 of 1st period - Jordan Staal wins face-off versus Dylan Larkin in BUFFALO zone.
0:45 of 1st period - Shot by Pavel Buchnevich.
0:45 of 1st period - Shot Blocked by Drew Doughty.
0:47 of 1st period - Shot by Dylan Larkin.
0:47 of 1st period - Stopped by Tuukka Rask without a rebound.
0:48 of 1st period - Noel Acciari wins face-off versus William Karlsson in BUFFALO zone.
2:06 of 1st period - Shot by Dan Girardi.
2:06 of 1st period - Shot Misses the Net.
2:08 of 1st period - Shot by Dan Girardi.
2:08 of 1st period - Shot Misses the Net.
3:25 of 1st period - Icing by Drew Doughty.
3:26 of 1st period - William Karlsson wins face-off versus Brad Marchand in BUFFALO zone.
3:35 of 1st period - Shot by Artturi Lehkonen.
3:35 of 1st period - Shot Blocked by Drew Doughty.
3:51 of 1st period - Shot by Mikko Koivu.
3:51 of 1st period - Stopped by Tuukka Rask without a rebound.
3:52 of 1st period - Dylan Larkin wins face-off versus Jordan Staal in BUFFALO zone.
4:07 of 1st period - Shot by James van Riemsdyk.
4:07 of 1st period - Stopped by Carey Price with a rebound.
4:21 of 1st period - Shot by James van Riemsdyk.
4:21 of 1st period - Stopped by Carey Price without a rebound.
4:22 of 1st period - Noel Acciari wins face-off versus William Karlsson in COLORADO zone.
4:37 of 1st period - Shot by Ondrej Kase.
4:37 of 1st period - Stopped by Carey Price without a rebound.
4:38 of 1st period - Matt Duchene wins face-off versus David Krejci in COLORADO zone.
4:47 of 1st period - Shot by Matt Duchene.
4:47 of 1st period - Shot Misses the Net.
5:13 of 1st period - Shot by Brad Marchand.
5:13 of 1st period - Stopped by Carey Price without a rebound.
5:14 of 1st period - Jordan Staal wins face-off versus Dylan Larkin in COLORADO zone.
5:50 of 1st period - Off-side.
5:51 of 1st period - William Karlsson wins face-off versus Eric Staal in neutral zone.
5:51 of 1st period - Minor Penalty to Charlie Coyle for Holding.
5:52 of 1st period - William Karlsson wins face-off versus Jordan Staal in BUFFALO zone.
6:11 of 1st period - Icing by Brandon Carlo.
6:12 of 1st period - Jordan Staal wins face-off versus William Karlsson in COLORADO zone.
6:13 of 1st period - Shot by Brad Marchand.
6:13 of 1st period - Shot Misses the Net.
7:49 of 1st period - Icing by Brandon Carlo.
7:50 of 1st period - Jordan Staal wins face-off versus William Karlsson in COLORADO zone.
8:27 of 1st period - Matt Grzelcyk is hit by Nick Bjugstad and loses puck.
9:29 of 1st period - Shot by Phil Kessel.
9:29 of 1st period - Stopped by Carey Price without a rebound.
9:30 of 1st period - Noel Acciari wins face-off versus William Karlsson in COLORADO zone.
9:30 of 1st period - Noel Acciari is hit by Dan Girardi.
9:38 of 1st period - Shot by Carl Hagelin.
9:38 of 1st period - Shot Blocked by Artturi Lehkonen.
10:19 of 1st period - Roman Josi is hit by Jonas Brodin and loses puck.
10:30 of 1st period - Shot by Brandon Carlo.
10:30 of 1st period - Shot Misses the Net.
10:32 of 1st period - Shot by Jonas Brodin.
10:32 of 1st period - Stopped by Tuukka Rask with a rebound.
11:27 of 1st period - Shot by David Krejci.
11:27 of 1st period - Shot Misses the Net.
11:59 of 1st period - Shot by William Karlsson.
11:59 of 1st period - Shot Misses the Net.
12:26 of 1st period - David Pastrnak is hit by Brad Marchand and loses puck.
12:41 of 1st period - Dan Girardi is hit by Matt Duchene.
12:50 of 1st period - Icing by Noah Hanifin.
12:51 of 1st period - Matt Duchene wins face-off versus David Krejci in BUFFALO zone.
13:36 of 1st period - Icing by Matt Grzelcyk.
13:37 of 1st period - William Karlsson wins face-off versus Eric Staal in BUFFALO zone.
13:59 of 1st period - Roman Josi is hit by Artturi Lehkonen and loses puck.
14:46 of 1st period - Shot by Dylan Larkin.
14:46 of 1st period - Stopped by Tuukka Rask without a rebound.
14:47 of 1st period - Matt Duchene wins face-off versus David Krejci in BUFFALO zone.
15:01 of 1st period - Minor Penalty to Brandon Carlo for Delaying the game.
15:02 of 1st period - Matt Duchene wins face-off versus Dylan Larkin in COLORADO zone.
15:19 of 1st period - Shot by Noah Hanifin.
15:19 of 1st period - Stopped by Carey Price without a rebound.
15:20 of 1st period - Eric Staal wins face-off versus David Pastrnak in COLORADO zone.
15:27 of 1st period - Shot by Shea Theodore.
15:27 of 1st period - Shot Misses the Net.
15:31 of 1st period - Shot by Noah Hanifin.
15:31 of 1st period - Shot Misses the Net.
15:49 of 1st period - Shot by Noah Hanifin.
15:49 of 1st period - Deflect By Eric Staal.
15:49 of 1st period - Stopped by Carey Price without a rebound.
15:50 of 1st period - Matt Duchene wins face-off versus David Pastrnak in COLORADO zone.
15:51 of 1st period - Shot by Roman Josi.
15:51 of 1st period - Shot Misses the Net.
15:53 of 1st period - Shot by Matt Duchene.
15:53 of 1st period - Shot Misses the Net.
15:55 of 1st period - Shot by Brad Marchand.
15:55 of 1st period - Shot Misses the Net.
16:11 of 1st period - Shot by Matt Duchene.
16:11 of 1st period - Shot Blocked by Jonas Brodin.
17:59 of 1st period - Icing by Drew Doughty.
18:00 of 1st period - David Krejci wins face-off versus Alex Killorn in BUFFALO zone.
18:57 of 1st period - Shot by Brad Marchand.
18:57 of 1st period - Shot Misses the Net.
19:06 of 1st period - Mikko Koivu is hit by Shea Theodore and loses puck.
19:11 of 1st period - Shot by Warren Foegele.
19:11 of 1st period - Stopped by Tuukka Rask without a rebound.
19:12 of 1st period - Jordan Staal wins face-off versus William Karlsson in BUFFALO zone.
19:19 of 1st period - Shot by Frank Vatrano.
19:19 of 1st period - Shot Misses the Net.
Goals for this period are 0 for BUFFALO vs 0 for COLORADO.
Shots for this period are 7 for BUFFALO vs 5 for COLORADO.

2nd period


0:01 of 2nd period - Dylan Larkin wins face-off versus Matt Duchene in neutral zone.
0:09 of 2nd period - Matt Duchene is hit by David Pastrnak and loses puck.
0:16 of 2nd period - Shot by Pavel Buchnevich.
0:16 of 2nd period - Shot Misses the Net.
0:22 of 2nd period - Shot by David Pastrnak.
0:22 of 2nd period - Shot Misses the Net.
0:24 of 2nd period - Shot by Dan Girardi.
0:24 of 2nd period - Stopped by Tuukka Rask without a rebound.
0:25 of 2nd period - William Karlsson wins face-off versus Eric Staal in BUFFALO zone.
0:25 of 2nd period - William Karlsson is hit by Noah Hanifin.
0:39 of 2nd period - Alex Killorn is hit by Artturi Lehkonen and loses puck.
0:55 of 2nd period - Minor Penalty to Artturi Lehkonen for Holding.
0:56 of 2nd period - Matt Duchene wins face-off versus David Pastrnak in COLORADO zone.
1:41 of 2nd period - Off-side.
1:42 of 2nd period - William Karlsson wins face-off versus Eric Staal in neutral zone.
2:14 of 2nd period - Shot by Charlie Coyle.
2:14 of 2nd period - Deflect By Eric Staal.
2:14 of 2nd period - Shot Misses the Net.
2:16 of 2nd period - Shot by Shea Theodore.
2:16 of 2nd period - Deflect By Charlie Coyle.
2:16 of 2nd period - Shot Misses the Net.
2:18 of 2nd period - Shot by Eric Staal.
2:18 of 2nd period - Stopped by Carey Price without a rebound.
2:19 of 2nd period - William Karlsson wins face-off versus Phil Kessel in COLORADO zone.
2:19 of 2nd period - William Karlsson is hit by Phil Kessel.
2:35 of 2nd period - Shot by Roman Josi.
2:35 of 2nd period - Shot Blocked by Brandon Carlo.
2:37 of 2nd period - Shot by Roman Josi.
2:37 of 2nd period - Shot Blocked by Jonas Brodin.
4:04 of 2nd period - Shot by Alex Killorn.
4:04 of 2nd period - Stopped by Carey Price without a rebound.
4:05 of 2nd period - Jordan Staal wins face-off versus David Krejci in COLORADO zone.
5:14 of 2nd period - Jonas Brodin is hit by Brad Marchand and loses puck.
5:19 of 2nd period - Shot by Brad Marchand.
5:19 of 2nd period - Shot Misses the Net.
5:21 of 2nd period - Shot by Noah Hanifin.
5:21 of 2nd period - Shot Misses the Net.
5:23 of 2nd period - Shot by Noah Hanifin.
5:23 of 2nd period - Stopped by Carey Price without a rebound.
5:24 of 2nd period - Dylan Larkin wins face-off versus Eric Staal in COLORADO zone.
5:52 of 2nd period - Shot by Pavel Buchnevich.
5:52 of 2nd period - Shot Misses the Net.
5:54 of 2nd period - Shot by Dylan Larkin.
5:54 of 2nd period - Deflect By Pavel Buchnevich.
5:54 of 2nd period - Stopped by Tuukka Rask without a rebound.
5:55 of 2nd period - David Krejci wins face-off versus Matt Duchene in BUFFALO zone.
6:17 of 2nd period - Shot by David Krejci.
6:17 of 2nd period - Shot Misses the Net.
6:19 of 2nd period - Shot by Dan Girardi.
6:19 of 2nd period - Shot Misses the Net.
6:27 of 2nd period - Shot by Nick Bjugstad.
6:27 of 2nd period - Shot Misses the Net.
8:03 of 2nd period - Shot by David Pastrnak.
8:03 of 2nd period - Shot Blocked by Matt Grzelcyk.
8:07 of 2nd period - Shot by David Pastrnak.
8:07 of 2nd period - Shot Blocked by Matt Grzelcyk.
8:09 of 2nd period - Shot by John Moore.
8:09 of 2nd period - Shot Misses the Net.
8:11 of 2nd period - Shot by John Moore.
8:11 of 2nd period - Shot Blocked by Alex Killorn.
9:39 of 2nd period - Shot by David Pastrnak.
9:39 of 2nd period - Stopped by Tuukka Rask without a rebound.
9:40 of 2nd period - William Karlsson wins face-off versus Jordan Staal in BUFFALO zone.
10:44 of 2nd period - Minor Penalty to Calvin de Haan for Interference.
10:45 of 2nd period - Matt Duchene wins face-off versus David Pastrnak in COLORADO zone.
11:02 of 2nd period - Shot by David Pastrnak.
11:02 of 2nd period - Stopped by Tuukka Rask without a rebound.
11:03 of 2nd period - David Pastrnak wins face-off versus Eric Staal in BUFFALO zone.
11:18 of 2nd period - Shot by Shea Theodore.
11:18 of 2nd period - Shot Blocked by Jonas Brodin.
11:35 of 2nd period - Shot by Noah Hanifin.
11:35 of 2nd period - Shot Blocked by Ron Hainsey.
11:37 of 2nd period - Shot by Shea Theodore.
11:37 of 2nd period - Shot Misses the Net.
12:21 of 2nd period - Shot by Roman Josi.
12:21 of 2nd period - Deflect By Phil Kessel.
12:21 of 2nd period - Shot Misses the Net.
12:46 of 2nd period - Icing by Matt Grzelcyk.
12:47 of 2nd period - William Karlsson wins face-off versus Noel Acciari in BUFFALO zone.
13:51 of 2nd period - Shot by David Krejci.
13:51 of 2nd period - Shot Misses the Net.
13:53 of 2nd period - Shot by David Krejci.
13:53 of 2nd period - Stopped by Tuukka Rask with a rebound.
14:06 of 2nd period - Nick Bjugstad is hit by Noah Hanifin.
14:14 of 2nd period - Shot by Nick Bjugstad.
14:14 of 2nd period - Stopped by Tuukka Rask without a rebound.
14:15 of 2nd period - Matt Duchene wins face-off versus Dylan Larkin in BUFFALO zone.
14:20 of 2nd period - Dan Girardi is hit by Brad Marchand.
14:47 of 2nd period - Shot by Brad Marchand.
14:47 of 2nd period - Shot Misses the Net.
14:54 of 2nd period - Minor Penalty to Brad Marchand for Tripping.
14:55 of 2nd period - William Karlsson wins face-off versus Jordan Staal in BUFFALO zone.
14:58 of 2nd period - Shot by Jonas Brodin.
14:58 of 2nd period - Goal by Jonas Brodin - BUFFALO : 0 - COLORADO : 1.
14:59 of 2nd period - Jordan Staal wins face-off versus David Krejci in neutral zone.
15:13 of 2nd period - Jordan Staal is hit by Brandon Carlo and loses puck.
15:34 of 2nd period - Shot by Nick Bjugstad.
15:34 of 2nd period - Shot Misses the Net.
15:36 of 2nd period - Shot by Jonas Brodin.
15:36 of 2nd period - Stopped by Tuukka Rask without a rebound.
15:37 of 2nd period - Matt Duchene wins face-off versus Dylan Larkin in BUFFALO zone.
16:00 of 2nd period - Shot by Dylan Larkin.
16:00 of 2nd period - Stopped by Tuukka Rask with a rebound.
16:02 of 2nd period - Shot by Dylan Larkin.
16:02 of 2nd period - Shot Blocked by Drew Doughty.
16:04 of 2nd period - Shot by Ron Hainsey.
16:04 of 2nd period - Stopped by Tuukka Rask without a rebound.
16:05 of 2nd period - Mikko Koivu wins face-off versus Eric Staal in BUFFALO zone.
16:23 of 2nd period - Alex Killorn is hit by Calvin de Haan and loses puck.
16:42 of 2nd period - Shot by Artturi Lehkonen.
16:42 of 2nd period - Shot Misses the Net.
17:04 of 2nd period - Shot by Dylan Larkin.
17:04 of 2nd period - Stopped by Tuukka Rask without a rebound.
17:05 of 2nd period - Matt Duchene wins face-off versus David Krejci in BUFFALO zone.
17:05 of 2nd period - Matt Duchene is hit by Nick Bjugstad.
17:11 of 2nd period - Shot by Brad Marchand.
17:11 of 2nd period - Stopped by Carey Price without a rebound.
17:12 of 2nd period - Matt Duchene wins face-off versus Pavel Buchnevich in COLORADO zone.
17:17 of 2nd period - Shot by Phil Kessel.
17:17 of 2nd period - Shot Misses the Net.
17:25 of 2nd period - Shot by David Pastrnak.
17:25 of 2nd period - Stopped by Tuukka Rask without a rebound.
17:26 of 2nd period - David Krejci wins face-off versus Jordan Staal in BUFFALO zone.
17:26 of 2nd period - Jonas Brodin is hit by Matt Grzelcyk and loses puck.
17:51 of 2nd period - Shot by Frank Vatrano.
17:51 of 2nd period - Stopped by Carey Price without a rebound.
17:52 of 2nd period - Dylan Larkin wins face-off versus Matt Duchene in COLORADO zone.
17:52 of 2nd period - Dylan Larkin is hit by Phil Kessel.
18:13 of 2nd period - Shot by Matt Duchene.
18:13 of 2nd period - Shot Misses the Net.
18:28 of 2nd period - Brad Marchand is hit by Dan Girardi and loses puck.
18:55 of 2nd period - Shot by Alex Killorn.
18:55 of 2nd period - Deflect By Eric Staal.
18:55 of 2nd period - Stopped by Carey Price with a rebound.
18:57 of 2nd period - Shot by Eric Staal.
18:57 of 2nd period - Stopped by Carey Price without a rebound.
18:58 of 2nd period - Mikko Koivu wins face-off versus Jordan Staal in COLORADO zone.
19:03 of 2nd period - Matt Grzelcyk is hit by Mikko Koivu and loses puck.
19:20 of 2nd period - Shot by Mikko Koivu.
19:20 of 2nd period - Shot Misses the Net.
19:22 of 2nd period - Shot by William Karlsson.
19:22 of 2nd period - Stopped by Tuukka Rask with a rebound.
19:24 of 2nd period - Shot by Brandon Carlo.
19:24 of 2nd period - Shot Blocked by Marco Scandella.
19:34 of 2nd period - Icing by Frank Vatrano.
19:35 of 2nd period - David Krejci wins face-off versus Jordan Staal in BUFFALO zone.
19:45 of 2nd period - John Moore is hit by Matt Grzelcyk and loses puck.
Goals for this period are 0 for BUFFALO vs 1 for COLORADO.
Shots for this period are 7 for BUFFALO vs 13 for COLORADO.

3rd period


0:01 of 3rd period - Dylan Larkin wins face-off versus Matt Duchene in neutral zone.
0:30 of 3rd period - Shot by Matt Duchene.
0:30 of 3rd period - Stopped by Carey Price without a rebound.
0:31 of 3rd period - Eric Staal wins face-off versus William Karlsson in COLORADO zone.
0:38 of 3rd period - Shot by Alex Killorn.
0:38 of 3rd period - Shot Misses the Net.
0:40 of 3rd period - Shot by Charlie Coyle.
0:40 of 3rd period - Stopped by Carey Price without a rebound.
0:41 of 3rd period - Jordan Staal wins face-off versus David Krejci in COLORADO zone.
1:12 of 3rd period - Shot by Frank Vatrano.
1:12 of 3rd period - Shot Misses the Net.
1:14 of 3rd period - Shot by Noah Hanifin.
1:14 of 3rd period - Stopped by Carey Price without a rebound.
1:15 of 3rd period - Matt Duchene wins face-off versus Dylan Larkin in COLORADO zone.
1:43 of 3rd period - Dan Girardi is hit by Matt Duchene and loses puck.
2:40 of 3rd period - Shot by Alex Killorn.
2:40 of 3rd period - Shot Misses the Net.
2:56 of 3rd period - Shot by Artturi Lehkonen.
2:56 of 3rd period - Stopped by Tuukka Rask with a rebound.
3:08 of 3rd period - Shot by James van Riemsdyk.
3:08 of 3rd period - Stopped by Carey Price without a rebound.
3:09 of 3rd period - Noel Acciari wins face-off versus David Krejci in COLORADO zone.
4:09 of 3rd period - Off-side.
4:10 of 3rd period - Matt Duchene wins face-off versus Mikko Koivu in neutral zone.
4:47 of 3rd period - Shot by Brad Marchand.
4:47 of 3rd period - Stopped by Carey Price without a rebound.
4:48 of 3rd period - Eric Staal wins face-off versus David Krejci in COLORADO zone.
5:06 of 3rd period - Alex Killorn is hit by Brandon Carlo.
5:33 of 3rd period - Icing by Jonas Brodin.
5:34 of 3rd period - Jordan Staal wins face-off versus David Krejci in COLORADO zone.
5:56 of 3rd period - Shot by Jordan Staal.
5:56 of 3rd period - Deflect By Frank Vatrano.
5:56 of 3rd period - Shot Misses the Net.
5:58 of 3rd period - Shot by Jordan Staal.
5:58 of 3rd period - Stopped by Carey Price with a rebound.
6:04 of 3rd period - Shot by Roman Josi.
6:04 of 3rd period - Shot Blocked by Brandon Carlo.
6:35 of 3rd period - Icing by Shea Theodore.
6:36 of 3rd period - Dylan Larkin wins face-off versus Brad Marchand in BUFFALO zone.
6:49 of 3rd period - Shot by Pavel Buchnevich.
6:49 of 3rd period - Stopped by Tuukka Rask with a rebound.
7:03 of 3rd period - Shot by David Pastrnak.
7:03 of 3rd period - Stopped by Tuukka Rask with a rebound.
7:47 of 3rd period - Shot by Alex Killorn.
7:47 of 3rd period - Shot Hit the Post.
8:25 of 3rd period - Shot by Frank Vatrano.
8:25 of 3rd period - Shot Misses the Net.
8:31 of 3rd period - Shot by Jordan Staal.
8:31 of 3rd period - Shot Misses the Net.
9:10 of 3rd period - Off-side.
9:11 of 3rd period - Matt Duchene wins face-off versus David Krejci in neutral zone.
9:32 of 3rd period - Shot by Brad Marchand.
9:32 of 3rd period - Stopped by Carey Price with a rebound.
9:38 of 3rd period - Shot by Matt Duchene.
9:38 of 3rd period - Shot Misses the Net.
9:41 of 3rd period - Icing by Gustav Lindstrom.
9:42 of 3rd period - Eric Staal wins face-off versus David Krejci in COLORADO zone.
10:27 of 3rd period - Icing by Urho Vaakanainen.
10:28 of 3rd period - Matt Duchene wins face-off versus David Krejci in COLORADO zone.
10:47 of 3rd period - Shea Theodore is hit by Nick Bjugstad and loses puck.
10:49 of 3rd period - Minor Penalty to Noah Hanifin for Interference.
10:50 of 3rd period - Jordan Staal wins face-off versus Dylan Larkin in BUFFALO zone.
11:49 of 3rd period - Shot by Jonas Brodin.
11:49 of 3rd period - Shot Blocked by Drew Doughty.
11:57 of 3rd period - Shot by Brandon Carlo.
11:57 of 3rd period - Stopped by Tuukka Rask without a rebound.
11:58 of 3rd period - Eric Staal wins face-off versus William Karlsson in BUFFALO zone.
12:18 of 3rd period - Eric Staal is hit by Artturi Lehkonen and loses puck.
13:09 of 3rd period - Shot by David Pastrnak.
13:09 of 3rd period - Shot Blocked by Marco Scandella.
13:11 of 3rd period - Shot by Mattias Janmark.
13:11 of 3rd period - Shot Misses the Net.
13:13 of 3rd period - Shot by David Pastrnak.
13:13 of 3rd period - Shot Blocked by Marco Scandella.
13:15 of 3rd period - Shot by Warren Foegele.
13:15 of 3rd period - Stopped by Tuukka Rask without a rebound.
13:16 of 3rd period - Noel Acciari wins face-off versus Pavel Buchnevich in BUFFALO zone.
13:40 of 3rd period - Ondrej Kase is hit by Urho Vaakanainen and loses puck.
14:26 of 3rd period - Shot by James van Riemsdyk.
14:26 of 3rd period - Shot Misses the Net.
14:32 of 3rd period - Shot by Frank Vatrano.
14:32 of 3rd period - Stopped by Carey Price with a rebound.
14:34 of 3rd period - Shot by Noah Hanifin.
14:34 of 3rd period - Stopped by Carey Price without a rebound.
14:35 of 3rd period - Matt Duchene wins face-off versus David Krejci in COLORADO zone.
15:06 of 3rd period - Shot by Phil Kessel.
15:06 of 3rd period - Stopped by Carey Price without a rebound.
15:07 of 3rd period - Eric Staal wins face-off versus William Karlsson in COLORADO zone.
15:25 of 3rd period - Shot by William Karlsson.
15:25 of 3rd period - Shot Blocked by Drew Doughty.
15:31 of 3rd period - Shot by Artturi Lehkonen.
15:31 of 3rd period - Stopped by Tuukka Rask without a rebound.
15:32 of 3rd period - Jordan Staal wins face-off versus Dylan Larkin in BUFFALO zone.
15:37 of 3rd period - Calvin de Haan is hit by Jordan Staal and loses puck.
15:44 of 3rd period - Shot by James van Riemsdyk.
15:44 of 3rd period - Stopped by Carey Price with a rebound.
15:58 of 3rd period - Shot by Calvin de Haan.
15:58 of 3rd period - Stopped by Tuukka Rask without a rebound.
15:59 of 3rd period - Matt Duchene wins face-off versus William Karlsson in BUFFALO zone.
16:34 of 3rd period - Shot by Brad Marchand.
16:34 of 3rd period - Stopped by Carey Price without a rebound.
16:35 of 3rd period - Dylan Larkin wins face-off versus Eric Staal in COLORADO zone.
16:35 of 3rd period - Dylan Larkin is hit by Alex Killorn.
17:04 of 3rd period - Alex Killorn is hit by Brandon Carlo and loses puck.
18:01 of 3rd period - Shot by David Krejci.
18:01 of 3rd period - Stopped by Tuukka Rask with a rebound.
18:03 of 3rd period - Shot by Leo Komarov.
18:03 of 3rd period - Shot Blocked by Roman Josi.
18:19 of 3rd period - Icing by Frank Vatrano.
18:20 of 3rd period - Jordan Staal wins face-off versus William Karlsson in BUFFALO zone.
18:38 of 3rd period - Icing by Ron Hainsey.
18:39 of 3rd period - Matt Duchene wins face-off versus William Karlsson in COLORADO zone.
18:46 of 3rd period - Icing by Ron Hainsey.
18:47 of 3rd period - William Karlsson wins face-off versus Matt Duchene in COLORADO zone.
18:49 of 3rd period - Icing by Ron Hainsey.
18:50 of 3rd period - Matt Duchene wins face-off versus William Karlsson in COLORADO zone.
18:59 of 3rd period - Shot by Phil Kessel.
18:59 of 3rd period - Stopped by Carey Price without a rebound.
19:00 of 3rd period - Dylan Larkin wins face-off versus Matt Duchene in COLORADO zone.
19:10 of 3rd period - BUFFALO, Tuukka Rask is pulled from the net.
19:24 of 3rd period - Shot by Matt Duchene.
19:24 of 3rd period - Shot Misses the Net.
19:52 of 3rd period - Shot by Phil Kessel.
19:52 of 3rd period - Shot Misses the Net.
Goals for this period are 0 for BUFFALO vs 0 for COLORADO.
Shots for this period are 13 for BUFFALO vs 8 for COLORADO.